 Dungeon Crawl Stone Soup version 0.31-a0-1008-g5b978dac0e (webtiles) character file.

Game seed: 17359890225945170326

2611300 Sergey the Cryomancer (level 27, 265/265 HPs)
             Began as an Octopode Conjurer on Nov 12, 2023.
             Was the Champion of Fedhas.
             Escaped with the Orb
             ... and 5 runes!
             The game lasted 03:05:05 (94623 turns).

Sergey the Cryomancer (Octopode Conjurer)          Turns: 94623, Time: 03:05:06

Health: 265/265    AC: 38    Str: 10    XL:     27
Magic:  61/61      EV: 26    Int: 45    God:    Fedhas [******]
Gold:   5198       SH: 16    Dex: 20    Spells: 16/58 levels left

rFire   + + .        w - +9 scimitar "Tamelun" {speed, MP+9 Str+5 Int+3}
rCold   + + .        f - +2 kite shield {AC+3}
rNeg    + + .        O - +2 hat
rPois   ∞            y - amulet of regeneration
rElec   +            Y - ring "Gagafatz" {Will+ rCorr Str-2 Int+3}
rCorr   +            K - ring "Liclupt" {AC+4 Int+4}
SInv    .            L - +6 ring of intelligence
Will    +++++        l - ring "Ampett" {rF+ Will+}
Stlth   ++           b - ring "Efofogog" {Wiz Drain rC+ rN+ MP+9}
HPRegen 1.44/turn    J - ring "Plog" {Ice Contam rPois Int+2 Slay+6}
MPRegen 0.37/turn    z - ring of protection from fire
                     T - ring "Enure" {rF+ Will+ rCorr Dex+3}

%: wizardry (x1)
@: statue-form, very slow
A: slow and powerful, torment resistance 1, boosted hp, almost no armour,
amphibious, 8 rings, camouflage 1, (gelatinous body 1), (nimble swimmer 1),
tentacles, wild magic 1
0: Orb of Zot
}: 5/15 runes: serpentine, barnacled, slimy, silver, abyssal
a: Begin Untransformation, Renounce Religion, Wall of Briars, Grow
Ballistomycete, Overgrow, Grow Oklob


You escaped.
You worshipped Fedhas.
Fedhas was exalted by your worship.
You were a living statue of rough stone.
You visited 11 branches of the dungeon, and saw 55 of its levels.
You visited the Abyss 3 times.
You visited 1 bazaar.
You also visited: Ice Cave and Desolation.

You collected 9308 gold pieces.
You spent 4110 gold pieces at shops.

Inventory:

Hand Weapons
 a - a +4 long sword of distortion {!w}
 w - the +9 scimitar "Tamelun" (weapon) {speed, MP+9 Str+5 Int+3}
   (You bought it in a shop on level 2 of the Orcish Mines)

   Str+5:     It affects your strength (+5).
   Int+3:     It affects your intelligence (+3).
   MP+9:      It affects your magic capacity (+9).
Missiles
 Q - 6 throwing nets
 Z - 17 curare-tipped darts
Armour
 f - a +2 kite shield of protection (worn)
 O - a +2 hat (worn)
 P - a +1 tower shield of cold resistance
Jewellery
 b - the ring "Efofogog" (on tentacle) {Wiz Drain rC+ rN+ MP+9}
   (You found it in the Desolation of Salt)

   [ring of wizardry]

   Wiz:       It improves your spell success rate.
   rC+:       It protects you from cold.
   rN+:       It protects you from negative energy.
   MP+9:      It affects your magic capacity (+9).
   Drain:     It drains your maximum health when unequipped.
 l - the ring "Ampett" (on tentacle) {rF+ Will+}
   (You found it on level 3 of the Elven Halls)

   [ring of willpower]

   rF+:       It protects you from fire.
   Will+:     It increases your willpower.
 n - an amulet of the acrobat
 q - a +6 ring of dexterity
 s - a +6 ring of strength
 y - an amulet of regeneration (around mantle)
 z - a ring of protection from fire (on tentacle)
 H - a ring of willpower
 J - the ring "Plog" (on tentacle) {Ice Contam rPois Int+2 Slay+6}
   (You acquired it on level 3 of the Lair of Beasts)

   [ring of ice]

   Ice:       It enhances your ice magic.
   Int+2:     It affects your intelligence (+2).
   Slay+6:    It affects your accuracy & damage with ranged weapons and melee
   (+6).
   rF-:       It makes you vulnerable to fire.
   rC+:       It protects you from cold.
   rPois:     It protects you from poison Contam: It causes magical
   contamination when unequipped.
 K - the ring "Liclupt" (right tentacle) {AC+4 Int+4}
   (You took it off an ogre mage on level 5 of the Vaults)

   [ring of protection]

   AC+4:      It affects your AC (+4).
   Int+4:     It affects your intelligence (+4).
 L - a +6 ring of intelligence (on tentacle)
 T - the ring "Enure" (on tentacle) {rF+ Will+ rCorr Dex+3}
   (You took it off a vault guard on level 5 of the Vaults)

   [ring of protection from fire]

   Dex+3:     It affects your dexterity (+3).
   rF+:       It protects you from fire.
   Will+:     It increases your willpower.
   rCorr:     It protects you from acid and corrosion.
 U - a ring of protection from fire
 Y - the ring "Gagafatz" (left tentacle) {Will+ rCorr Str-2 Int+3}
   (You found it in the Desolation of Salt)

   [ring of willpower]

   Str-2:     It affects your strength (-2).
   Int+3:     It affects your intelligence (+3).
   Will+:     It increases your willpower.
   rCorr:     It protects you from acid and corrosion.
Talismans
 M - a granite talisman (active)
Wands
 c - a wand of light (14)
 i - a wand of roots (13)
 v - a wand of digging (18)
 A - a wand of paralysis (51)
 X - a wand of mindburst (12)
Scrolls
 g - a scroll of silence {!r}
 j - 10 scrolls of poison
 p - 13 scrolls of blinking {@r4}
 u - 10 scrolls of teleportation {@r3}
 C - 5 scrolls of immolation
 D - 3 scrolls of enchant armour
 E - 9 scrolls of vulnerability {!r}
 G - 4 scrolls of summoning {!r}
 I - a scroll of fear
 W - 3 scrolls of fog {@r2}
Potions
 d - 6 potions of enlightenment
 e - 5 potions of magic
 h - 8 potions of curing {@q2}
 k - 5 potions of ambrosia
 m - 4 potions of resistance
 o - 9 potions of mutation
 r - 8 potions of heal wounds {@q1}
 t - 3 potions of cancellation
 x - 4 potions of brilliance
 B - 7 potions of haste {@q5}
 N - 9 potions of lignification
 S - 10 potions of might {@q3}
Miscellaneous
 F - a box of beasts
 R - a lightning rod (3/4)
 V - a condenser vane


   Skills:
 + Level 20.8 Fighting
 - Level 14.0 Long Blades
 + Level 20.7 Dodging
 - Level 5.0 Stealth
 - Level 15.0 Shields
 - Level 16.0 Spellcasting
 - Level 7.0 Conjurations
 - Level 4.0 Hexes
 - Level 6.0 Necromancy
 - Level 5.0 Translocations
 - Level 6.0 Transmutations
 - Level 23.0 Ice Magic
 - Level 5.0 Air Magic
 - Level 8.0 Invocations
 - Level 10.0 Evocations
 + Level 17.7 Shapeshifting


You had 16 spell levels left.
You knew the following spells:

 Your Spells              Type           Power      Damage    Failure   Level
a - Irradiate             Conj/Tmut      44%        3d26      1%          5
b - Polar Vortex          Ice            84%        12d11*    7%          9
c - Iskenderun's Mystic   Conj/Tloc      86%        2d17      1%          4
e - Blink                 Tloc           100%       N/A       1%          2
f - Freezing Cloud        Conj/Ice/Air   67%        6-21      1%          5
o - Ozocubu's Refrigerat  Ice            84%        4d26      1%          7
p - Simulacrum            Ice/Necr       72%        N/A       1%          6
z - Searing Ray           Conj           100%       2d8       1%          2
B - Momentum Strike       Conj/Tloc      100%       3d10      1%          2

Your spell library contained the following spells:

 Spells                   Type           Power      Damage    Failure   Level
 Apportation              Tloc           100%       N/A       1%          1
 Foxfire                  Conj/Fire      100%       2x1d9     1%          1
 Kiss of Death            Conj/Necr      100%       2d13      1%          1
 Magic Dart               Conj           100%       1d8       1%          1
 Necrotise                Necr           100%       1d9       1%          1
 Slow                     Hex            100%       N/A       1%          1
 Sting                    Tmut/Pois      100%       1d8       1%          1
 Summon Small Mammal      Summ           100%       N/A       1%          1
 Call Imp                 Summ           92%        N/A       1%          2
 Cigotuvi's Dreadful Rot  Necr/Pois/Air  100%       N/A       1%          2
 Ensorcelled Hibernation  Hex/Ice        100%       N/A       1%          2
 Jinxbite                 Hex            100%       N/A       1%          2
 Lesser Beckoning         Tloc           100%       N/A       1%          2
 Passwall                 Tmut/Erth      57%        N/A       1%          2
 Poisonous Vapours        Pois/Air       100%       N/A       1%          2
 Scorch                   Fire           92%        2d8       1%          2
 Wereblood                Tmut           86%        N/A       1%          2
 Confusing Touch          Hex            76%        N/A       1%          3
 Dazzling Flash           Conj/Hex       100%       N/A       1%          3
 Frozen Ramparts          Ice            100%       1d16      1%          3
 Gell's Gravitas          Tloc           81%        N/A       1%          3
 Hailstorm                Conj/Ice       100%       3d20      1%          3
 Ignite Poison            Fire/Tmut/Pois 63%        N/A       1%          3
 Inner Flame              Hex/Fire       63%        N/A       1%          3
 Mephitic Cloud           Conj/Pois/Air  76%        N/A       1%          3
 Ozocubu's Armour         Ice            100%       N/A       1%          3
 Sigil of Binding         Hex            76%        N/A       1%          3
 Summon Guardian Golem    Hex/Summ       63%        N/A       1%          3
 Teleport Other           Tloc           81%        N/A       1%          3
 Tukima's Dance           Hex            76%        N/A       1%          3
 Vampiric Draining        Necr           86%        2d12      1%          3
 Anguish                  Hex/Necr       40%        N/A       1%          4
 Animate Dead             Necr           86%        N/A       1%          4
 Cause Fear               Hex            38%        N/A       1%          4
 Dimensional Bullseye     Hex/Tloc       39%        N/A       1%          4
 Dispel Undead            Necr           86%        3d28      1%          4
 Fulminant Prism          Conj/Hex       42%        3d19      1%          4
 Manifold Assault         Tloc           81%        N/A       1%          4
 Passage of Golubria      Tloc           81%        N/A       1%          4
 Summon Ice Beast         Ice/Summ       100%       N/A       1%          4
 Vhi's Electric Charge    Tloc/Air       100%       N/A       1%          4
 Iskenderun's Battlesphe  Conj           91%        2d14      1%          5
 Call Canine Familiar     Summ           46%        N/A       2%          3
 Brom's Barrelling Bould  Conj/Erth      73%        2d9       2%          4
 Flame Wave               Conj/Fire      73%        2d16      2%          4
 Petrify                  Tmut/Erth      69%        N/A       2%          4
 Sticky Flame             Conj/Fire      73%        2d9       2%          4
 Agony                    Necr           86%        N/A       2%          5
 Arcjolt                  Conj/Air       43%        1d53      2%          5
 Summon Lightning Spire   Summ/Air       66%        N/A       3%          4
 Yara's Violent Unravell  Hex/Tmut       40%        3d16      3%          5
 Silence                  Hex/Air        39%        N/A       4%          5
 Fireball                 Conj/Fire      36%        3d15      6%          5
 Alistair's Intoxication  Tmut/Pois      46%        N/A       7%          5
 Borgnjor's Vile Clutch   Necr/Erth      34%        N/A       7%          5
 Summon Forest            Summ/Tloc      33%        N/A       9%          5
 Summon Mana Viper        Hex/Summ       63%        N/A       10%         5
 Conjure Ball Lightning   Conj/Air       43%        3x3d15    11%         6
 Death Channel            Necr           43%        N/A       11%         6
 Dispersal                Tloc           40%        N/A       16%         6
 Bombard                  Conj/Erth      36%        9d6       26%         6
 Starburst                Conj/Fire      36%        6d11      26%         6
 Eringya's Noxious Bog    Tmut/Pois      34%        4d6       32%         6
 Orb of Destruction       Conj           45%        9d12      32%         7
 Plasma Beam              Fire/Air       33%        2x1d46    36%         6
 Summon Cactus Giant      Summ           23%        N/A       67%         6
 Enfeeble                 Hex            38%        N/A       71%         7
 Spellforged Servitor     Conj/Summ      36%        N/A       77%         7
 Malign Gateway           Summ/Tloc      33%        N/A       87%         7
 Infestation              Necr           43%        N/A       97%         8
 Monstrous Menagerie      Summ           23%        N/A       99%         7
 Summon Hydra             Summ           23%        N/A       99%         7
 Disjunction              Tloc           40%        N/A       99%         8
 Discord                  Hex            38%        N/A       100%        8
 Lehudib's Crystal Spear  Conj/Erth      36%        10d9      100%        8
 Death's Door             Necr           43%        N/A       100%        9
 Dragon's Call            Summ           23%        N/A       100%        9
 Fire Storm               Conj/Fire      36%        8d9       100%        9
 Sublimation of Blood     Necr           Unusable   N/A       N/A         2
 Animate Armour           Summ/Erth      Unusable   N/A       N/A         4

Dungeon Overview and Level Annotations

Branches:
Dungeon (15/15)            Temple (0/1) D:7            Lair (5/5) D:11
 Shoals (4/4) Lair:2        Snake (4/4) Lair:2        Slime (5/5) Lair:4
    Orc (2/2) D:12            Elf (3/3) Orc:2        Vaults (5/5) D:14
  Crypt (3/3) Vaults:3       Tomb (0/3) Crypt:3      Depths (4/4) D:15
    Zot (5/5) Depths:4      IceCv (visited)         Desolation (visited)

Altars:
Fedhas
Hepliaklqana
Kikubaaqudgha
Makhleb
Qazlal
Ru
Sif Muna
Uskayaw
Vehumet
Xom
Yredelemnul
The Shining One

Shops:
D:3 !   Orc:2 [(=*[   Shoals:2 :   Shoals:3 [   Snake:3 :   Snake:4 *
Vaults:3 *   Vaults:4 (   Depths:4 :

Portals:
Hell: Depths:1 Depths:2 Depths:3 Depths:4
Abyss: Depths:1 Depths:3 Depths:4
Ziggurat: Depths:1

Annotations:
D:1 exclusion: downstairs
D:10 exclusion: downstairs
D:13 1 runed translucent door, exclusion: downstairs, Nico3ck's ghost, journeyman FoFi
Lair:3 exclusion: downstairs
Lair:4 1 runed translucent door
Snake:1 3 runed translucent doors
Snake:2 Agnes; Mlioglotl
Elf:2 3 runed translucent doors
Elf:3 exclusion: 3 dancing weapons
Vaults:2 exclusion: downstairs
Crypt:2 2 transporters
Depths:1 the Enchantress
Depths:2 1 exclusion


Innate Abilities, Weirdness & Mutations

You are a living statue of rough stone.
Your actions are slow, but your melee attacks are powerful.
You are resistant to unholy torment.
Your maximum health is greatly increased.
You cannot wear most types of armour.
You are amphibious.
You can wear up to eight rings at the same time.
You are immune to poison.
Your skin changes colour to match your surroundings (Stealth+).
((Your rubbery body absorbs attacks. (AC +1, EV +1)))
((You are camouflaged when in or above water. (Stealth+)))
You have tentacles for arms and can constrict up to eight enemies at once.
Your spells are a little harder to cast, but a little more powerful.


Message History

Things that are here:
a +0 leather armour; a +0 mace The winds around you start to calm down.
You float gracefully downwards.
You are engulfed in whirling frost.
The winds around you calm down.
There is a stone staircase leading up here.
You climb upwards.
A Brimstone Fiend comes into view.
There is a stone staircase leading down here.
Blink to where?
Press: ? - help, Dir - move target
As you read the scroll of blinking {@r4}, it crumbles to dust.
The Brimstone Fiend moves out of view.
Blink to where?
Press: ? - help, Dir - move target
As you read the scroll of blinking {@r4}, it crumbles to dust.
Aiming: Dig
Press: ? - help, Shift-Dir - straight line You can't see that place. [a rock wall.]
The rock shatters into small pieces.
Blink to where?
Press: ? - help, Dir - move target
As you read the scroll of blinking {@r4}, it crumbles to dust.
You climb upwards.
Level annotation: exclusion: downstairs
There is a stone staircase leading down here.
A Brimstone Fiend comes into view.
The Brimstone Fiend roars!
Blink to where?
Press: ? - help, Dir - move target
As you read the scroll of blinking {@r4}, it crumbles to dust.
The Brimstone Fiend attacks as it pursues you!
The Brimstone Fiend barely misses you.
The Brimstone Fiend hits you but does no damage.
The Brimstone Fiend misses you.
There is a staircase leading out of the dungeon here.
The Brimstone Fiend misses you. x2; The Brimstone Fiend barely misses you.
You have escaped!

.###.........###........#####...>..
...+....).........###..............
####............#####...#####.#...#
#####........#####...##.# #.##._.
##...........###.....##.# #.#....
##.####...###........##.# #.#.##.
...# ##..###.........### #.#.##.
...#####..###.....♣...### ###......
...##.......##...81....## #...#.##.
....#.##..####.........####.###.###
#...#.#...##.##........###..# #.#
#..........#.##.....###..§.## #>###
#.#.#.#....#.##...#####.#### #....
#.....##.#.....#####....# #####
....####.##....########## #####
#.####### #.#


You could see a Brimstone Fiend.

Vanquished Creatures
  the Royal Jelly (Slime:5)
  4 dread liches
  Khufu (Crypt:1)
  4 orbs of fire
  A royal mummy (Crypt:1)
  Boris (Depths:3)
  Vv (Depths:4)
  9 Killer Klowns
  Bai Suzhen (Vaults:2)
  A curse toe (Zot:5)
  A caustic shrike (Depths:3)
  6 golden dragons
  Jory (Crypt:3)
  A profane servitor (Crypt:3)
  A bone dragon (Crypt:3)
  2 electric golems (Zot:5)
  A Brimstone Fiend (Depths:4)
  A Tzitzimitl (Zot:5)
  15 tentacled monstrosities
  7 liches
  25 Orb Guardians
  A deep elf blademaster (Elf:3)
  Asterion (Snake:4)
  A shard shrike skeleton (Crypt:1)
  5 titans
  A deep elf master archer (Elf:3)
  14 acid blobs
  15 sphinxes
  6 quicksilver dragons
  A kraken (Shoals:4)
  9 tentacled starspawn
  Polyphemus (Shoals:3)
  2 ancient champions
  5 death cobs
  Frances (Elf:1)
  8 storm dragons
  Kirke (Elf:1)
  Gastronok (D:10)
  9 tengu reavers
  Aizul (Snake:4)
  4 shadow dragons
  Roxanne (D:15)
  A fenstrider witch (shapeshifter) (Vaults:5)
  3 revenants
  5 draconian monks
  9 azure jellies
  17 vault wardens
  2 nagarajas (Snake:4)
  7 rockslimes
  6 deep elf sorcerers
  2 draconian scorchers
  7 frost giants
  8 draconian knights
  An iron dragon (Depths:2)
  5 deep elf elementalists (Elf:3)
  9 fire giants
  2 ghost moths
  Louise (D:14)
  A draconian stormcaller (Zot:4)
  2 draconian shifters (Zot:3)
  10 ghouls
  A reaper (D:15)
  4 curse skulls
  5 imperial myrmidons (Desolation)
  13 stone giants
  2 spriggan defenders (Depths:1)
  13 ironbound preservers
  10 very ugly things
  A draconian annihilator (Zot:5)
  A demonspawn blood saint (D:15)
  6 war gargoyles
  12 vampire knights
  Nessos (D:14)
  A cacodemon (Abyss:1)
  3 quicksilver oozes
  5 ironbound thunderhulks
  7 red draconians
  A deep elf demonologist (Elf:2)
  Azrael (Snake:2)
  13 green draconians
  A halazid warlock (Desolation)
  8 black draconians
  A lorocyproca (Depths:3)
  An eleionoma (shapeshifter) (Vaults:5)
  3 spark wasps
  5 yellow draconians
  5 dire elephants (Vaults:1)
  7 deep elf annihilators
  7 purple draconians
  7 white draconians
  2 eidola
  9 merfolk impalers
  5 crystal guardians
  11 starcursed masses (Abyss:1)
  4 deep elf death magi
  5 merfolk javelineers
  7 ettins
  An entropy weaver (Vaults:1)
  2 blizzard demons
  10 ragged hierophants (Desolation)
  Josephine (D:11)
  21 jiangshi
  6 fire dragons
  6 ice dragons
  6 deep elf high priests
  14 yaktaur captains
  8 great orbs of eyes
  4 servants of whispers (Desolation)
  Erolcha (D:11)
  3 salamander tyrants (Snake:4)
  4 anacondas (Snake:3)
  11 peacekeepers
  5 spriggan air magi
  30 vault guards (Vaults:5)
  3 rakshasas
  6 hydras
  4 merfolk avatars
  2 alligator snapping turtles
  A hell beast (D:10)
  4 ironbound frosthearts
  7 ogre magi
  3 merfolk aquamancers
  4 catoblepae
  4 death knights
  5 centaur warriors
  A satyr (shapeshifter) (Vaults:5)
  11 two-headed ogres
  A fenstrider witch skeleton (Abyss:1)
  A satyr (Shoals:4)
  7 tengu warriors
  4 boulder beetles
  4 death yaks (Shoals:3)
  4 spriggan berserkers
  14 naga warriors
  A sphinx skeleton (Crypt:1)
  4 deep troll shamans
  4 deep troll earth magi
  8 vampire magi
  10 dancing weapons
  4 naga sharpshooters (Snake:4)
  6 soul eaters
  4 hell hogs (Depths:4)
  5 orc high priests (Orc:2)
  11 deep elf knights
  3 thrashing horrors (Abyss:5)
  2 occultists (Depths:1)
  9 shock serpents
  16 hell knights
  4 salamander mystics
  3 wretched stars
  4 sixfirhies
  28 skeletal warriors
  4 iron trolls
  9 skysharks
  A death drake (shapeshifter) (Depths:2)
  3 sun demons
  A cherub (Depths:1)
  10 sea snakes
  2 goliath frogs (Lair:5)
  An iron giant zombie (Crypt:1)
  4 shadow wraiths
  Lodul (D:14)
  The ghost of baljet the Grappler, a novice TrSh of Wu Jian (D:6)
  8 deep elf archers
  5 bog bodies
  4 glowing orange brains
  10 phantasmal warriors
  A spectral hydra (Crypt:3)
  19 deep trolls
  2 naga ritualists
  5 flayed ghosts
  16 ironbound convokers
  A harpy (shapeshifter) (D:13)
  31 deep elf zephyrmancers
  6 arcanists
  An obsidian statue (Zot:5)
  20 deep elf pyromancers
  11 necromancers
  8 lindwurms
  2 spriggan simulacra
  7 orc knights
  5 orc sorcerers
  24 harpies
  38 ugly things
  An iron dragon zombie (Vaults:5)
  A stone giant zombie (Vaults:5)
  10 cyclopes
  5 shining eyes
  9 moths of wrath
  8 mana vipers
  A mana viper (shapeshifter) (Vaults:5)
  2 toenail golems
  12 fauns
  A spectral centaur (Crypt:3)
  The ghost of night the Summoner, a novice TeSu of Yredelemnul (D:5)
  The ghost of Graknight the Shield-Bearer, a novice GrFi of Okawaru (D:4)
  12 merfolk sirens
  22 manticores
  An elephant (shapeshifter) (Depths:2)
  24 salamanders
  2 stone giant skeletons
  A torpor snail (Lair:4)
  Maurice (D:11)
  An ice statue (IceCv)
  30 black mambas
  4 elephants (Lair:3)
  4 guardian serpents
  5 orange demons
  A smoke demon (D:15)
  14 naga magi
  2 eyes of devastation
  3 naga skeletons
  21 cane toads
  23 vault sentinels
  8 water nymphs
  2 efreet
  26 yaktaurs
  An unseen horror (shapeshifter) (Vaults:5)
  A white draconian zombie (Crypt:1)
  A hellion (Abyss:1)
  4 unseen horrors (Depths:4)
  4 rime drakes
  The ghost of Pim the Changeling, a novice OpSh (D:5)
  2 kobold demonologists
  A tormentor (Depths:1)
  8 komodo dragons
  8 freezing wraiths
  A tengu conjurer (Vaults:3)
  A komodo dragon (shapeshifter) (Vaults:5)
  3 red devils
  2 ice devils
  2 ancient zymes
  A purple draconian skeleton (Crypt:1)
  6 trolls
  An alligator snapping turtle skeleton (Crypt:2)
  2 tyrant leeches
  2 harpy zombies
  A hellwing (Depths:1)
  2 polar bears
  33 merfolk
  4 hornets
  10 wind drakes
  A wolf spider simulacrum (D:15)
  2 harpy skeletons (Crypt:2)
  46 saltlings (Desolation)
  A merfolk (shapeshifter) (Vaults:5)
  26 blink frogs
  2 glass eyes (shapeshifter)
  5 raiju (Abyss:1)
  A radroach zombie (Crypt:2)
  9 snapping turtles
  2 glass eyes
  2 ettin zombies
  10 dream sheep
  9 small abominations
  A jumping spider (Vaults:1)
  102 slime creatures
  A dream sheep (shapeshifter) (Vaults:3)
  58 flying skulls
  4 spriggans
  2 wyverns
  7 shadows
  An ettin skeleton (Depths:1)
  A human (shapeshifter) (Vaults:5)
  3 vampires
  5 ynoxinuls
  13 water elementals
  13 wraiths
  8 fire elementals
  43 yaks
  5 hogs (Elf:1)
  4 redbacks
  4 fire bats
  2 basilisks
  A redback (shapeshifter) (Elf:3)
  A death yak simulacrum (IceCv)
  6 chaos spawn
  6 neqoxecs
  3 steam dragons
  16 vampire mosquitoes
  A naga zombie (Crypt:1)
  6 wargs
  A harpy simulacrum (Crypt:3)
  2 acid dragons
  12 water moccasins
  A fire bat zombie (Crypt:2)
  24 nagas
  4 hell hounds (Snake:2)
  A fire bat skeleton (Crypt:1)
  A water moccasin (shapeshifter) (Depths:4)
  A swamp drake (shapeshifter) (Depths:2)
  Duvessa (D:4)
  38 orc warriors
  A meliai simulacrum (D:14)
  A sky beast (shapeshifter) (Depths:2)
  2 black bears
  An ice beast (D:6)
  3 boggarts (D:15)
  13 wolves
  16 ogres
  14 large abominations
  9 centaurs
  A kobold brigand (D:8)
  3 scorpions
  18 bullfrogs
  2 earth elementals
  8 necrophages
  A cyclops skeleton (Crypt:2)
  10 wights
  Dowan (D:4)
  14 killer bees (D:9)
  An electric eel (Lair:5)
  3 howler monkeys
  5 centaur zombies
  A quasit (Abyss:1)
  2 hounds
  4 jellies
  28 orc priests
  A hound (shapeshifter) (Depths:3)
  2 iguanas
  Ijyb (D:3)
  Terence (D:3)
  6 hell rats (Lair:5)
  27 orc wizards
  2 wolf simulacra (IceCv)
  A hound skeleton (Crypt:2)
  2 mummies (Crypt:1)
  A howler monkey zombie (D:10)
  A gnoll (D:4)
  9 adders
  2 shadow imps
  4 white imps
  3 ufetubi
  A worm (D:6)
  4 dart slugs
  98 orcs
  9 ball pythons
  4 bats
  6 endoplasms
  A giant cockroach (shapeshifter) (Depths:1)
  3 giant cockroaches (D:1)
  6 hobgoblins
  10 jackals
  4 quokkas
  An endoplasm zombie (Crypt:2)
  A frilled lizard (D:2)
  8 goblins
  17 kobolds
  5 rats
  11 starspawn tentacles
  A tentacle (Shoals:4)
2364 creatures vanquished.

Vanquished Creatures (collateral kills)
  2 juggernauts (Depths:2)
  Norris (Vaults:2)
  A deep elf blademaster (Elf:3)
  3 Orb Guardians (Zot:5)
  A quicksilver dragon (Zot:5)
  5 acid blobs (Slime:5)
  2 rockslimes (Slime:5)
  2 fire giants
  An azure jelly (Slime:5)
  2 vault wardens
  A deep elf elementalist (Elf:3)
  An iron dragon (Depths:3)
  3 frost giants
  An orc warlord (Orc:2)
  3 spriggan defenders (Depths:2)
  4 very ugly things
  A ghoul (Crypt:2)
  A formless jellyfish (Slime:5)
  8 ironbound preservers
  2 quicksilver oozes (Slime:5)
  An ironbound thunderhulk (Vaults:2)
  7 stone giants
  A vampire knight (Depths:3)
  A deep elf annihilator (Elf:3)
  2 black draconians (Zot:3)
  2 dire elephants (Vaults:1)
  2 crystal guardians
  6 ettins
  2 fire dragons
  A merfolk impaler (Depths:3)
  An entropy weaver (Vaults:4)
  A peacekeeper (Desolation)
  A yaktaur captain (Vaults:4)
  2 ironbound frosthearts (Vaults:1)
  A great orb of eyes (Vaults:2)
  A spriggan air mage (Depths:2)
  2 ice dragons (Depths:2)
  A centaur warrior (Vaults:1)
  2 deep troll shamans
  5 dancing weapons
  3 deep troll earth magi
  2 tengu warriors
  3 spriggan berserkers
  2 occultists (Depths:1)
  A skyshark (Vaults:2)
  A soul eater (D:15)
  2 iron trolls
  A titan skeleton (Crypt:2)
  A spriggan rider (Depths:2)
  25 deep trolls
  A deep elf archer (Elf:2)
  An arcanist (Vaults:2)
  4 ironbound convokers
  A deep elf pyromancer (Elf:1)
  2 harpies
  9 ugly things
  A worldbinder (Abyss:5)
  An ice statue (IceCv)
  3 centaur zombies (D:10)
  4 vault sentinels
  An unseen horror (D:11)
  A freezing wraith (D:14)
  A tengu conjurer (D:14)
  3 yaktaurs
  An ancient zyme (Abyss:5)
  7 saltlings
  4 hornets (Depths:2)
  A blink frog (Lair:1)
  A dream sheep (Lair:3)
  11 slime creatures
  4 spriggans (Depths:2)
  A wraith (D:11)
  2 water elementals (Depths:3)
  A golden eye (Slime:5)
  2 basilisks
  A fire bat (Abyss:5)
  A chaos spawn (Abyss:5)
  A swamp worm (shapeshifter) (Depths:3)
  4 orc warriors (Orc:2)
  A black bear (D:8)
  A gnoll sergeant (D:8)
  A necrophage (Crypt:3)
  4 wights (D:8)
  An elephant simulacrum (IceCv)
  3 gnolls (D:8)
  3 orcs
  21 ballistomycete spores
238 creatures vanquished.

Vanquished Creatures (others)
  A lich (Vaults:4)
  An ice dragon (Depths:2)
  A two-headed ogre (D:11)
  A dancing weapon (Elf:1)
  A troll (D:11)
  A slime creature (D:14)
  A water elemental (Elf:3)
  Grum (D:11)
  A chaos spawn (Depths:4)
  A wolf (D:11)
  A centaur (D:11)
  A kobold brigand (D:11)
  A gnoll sergeant (D:11)
  An orc (D:11)
  2 kobolds (D:11)
  3 ballistomycete spores
  5 fulminant prisms (Elf:1)
  11 starspawn tentacles (Abyss:1)
  7 tentacles (Shoals:4)
42 creatures vanquished.

Grand Total: 2644 creatures vanquished

Notes
Turn   | Place    | Note
-------+----------+-------------------------------------------
     0 | D:1      | Sergey the Octopode Conjurer began the quest for the Orb.
     0 | D:1      | Reached XP level 1. HP: 11/11 MP: 3/3
    25 | D:1      | Found a faded altar of an unknown god.
    64 | D:1      | Prayed at the altar of an unknown god.
    64 | D:1      | Became a worshipper of Fedhas Madash
    64 | D:1      | Reached * piety under Fedhas
   364 | D:1      | Reached XP level 2. HP: 17/17 MP: 0/5
   424 | D:1      | Learned a level 2 spell: Searing Ray
   448 | D:1      | Learned a level 2 spell: Momentum Strike
   767 | D:1      | Reached skill level 1 in Fighting
  1654 | D:1      | Reached ** piety under Fedhas
  1655 | D:1      | Reached skill level 1 in Translocations
  1850 | D:1      | Reached XP level 3. HP: 23/23 MP: 3/6
  2383 | D:2      | Learned a level 2 spell: Blink
  2984 | D:2      | Reached XP level 4. HP: 29/29 MP: 4/7
  3378 | D:3      | Noticed Ijyb
  3515 | D:3      | Found Zicseh's Distillery.
  3523 | D:3      | Bought 2 potions of heal wounds for 140 gold pieces
  3614 | D:3      | Reached skill level 1 in Evocations
  3746 | D:3      | Noticed Terence
  3995 | D:4      | Reached XP level 5. HP: 34/34 MP: 5/9
  4360 | D:4      | Noticed an ogre
  4437 | D:4      | Killed an ogre
  4490 | D:4      | Reached *** piety under Fedhas
  4532 | D:4      | Noticed a black bear
  4622 | D:4      | Killed a black bear
  4623 | D:4      | Reached skill level 5 in Stealth
  4623 | D:4      | Reached XP level 6. HP: 42/42 MP: 4/10
  5026 | D:4      | Noticed Duvessa
  5026 | D:4      | Noticed Dowan
  5668 | D:4      | Reached skill level 1 in Invocations
  5668 | D:4      | Reached XP level 7. HP: 47/47 MP: 3/11
  5854 | D:4      | Killed Duvessa
  5923 | D:4      | Learned a level 4 spell: Iskenderun's Mystic Blast
  6227 | D:5      | Entered Level 5 of the Dungeon
  6227 | D:5      | Found the +3 greatsling "Punk" {acid, rCorr}
  7443 | D:5      | Reached **** piety under Fedhas
  7540 | D:5      | Reached XP level 8. HP: 54/54 MP: 14/14
  7733 | D:5      | Found a runed translucent gate.
  7734 | D:5      | Found a runed translucent gate.
  7736 | D:5      | Found a runed translucent gate.
  7737 | D:5      | Noticed Graknight's ghost (novice GrFi)
  7737 | D:5      | Noticed night's ghost (novice TeSu)
  7738 | D:5      | Noticed Pim's ghost (novice OpSh)
  7790 | D:5      | Reached skill level 5 in Conjurations
  8188 | D:3      | Killed Ijyb
  8349 | D:3      | Killed Terence
  8578 | D:6      | Found a runed translucent door.
  8583 | D:6      | Noticed baljet's ghost (novice TrSh)
  8672 | D:6      | Reached skill level 5 in Fighting
  8962 | D:6      | Found a runed translucent door.
  8978 | D:6      | Gained mutation: Your mind is acute. (Int +4, Str/Dex -1)
                  | [potion of mutation]
  9070 | D:6      | Found a shimmering altar of Xom.
  9319 | D:6      | Reached skill level 5 in Spellcasting
  9662 | D:3      | Bought a potion of brilliance for 56 gold pieces
  9662 | D:3      | Bought a potion of lignification for 42 gold pieces
  9779 | D:7      | Reached skill level 5 in Translocations
  9960 | D:7      | Reached XP level 9. HP: 62/62 MP: 16/16
 10037 | D:7      | Found a staircase to the Ecumenical Temple.
 10095 | D:7      | Learned a level 5 spell: Freezing Cloud
 10387 | D:8      | Reached skill level 1 in Ice Magic
 10387 | D:8      | Reached skill level 1 in Air Magic
 10456 | D:8      | Reached skill level 2 in Ice Magic
 10580 | D:8      | Reached skill level 3 in Ice Magic
 10980 | D:8      | Found a basalt altar of Yredelemnul.
 10980 | D:8      | Found a shimmering blue altar of Sif Muna.
 11430 | D:8      | Reached skill level 4 in Ice Magic
 12185 | D:9      | Reached XP level 10. HP: 61/68 MP: 10/17
 12657 | D:9      | Reached skill level 5 in Ice Magic
 12657 | D:9      | Reached skill level 5 in Air Magic
 12862 | D:9      | Noticed a deep elf pyromancer
 13450 | D:9      | Found a hazy altar of Hepliaklqana.
 13614 | D:10     | Entered Level 10 of the Dungeon
 13944 | D:9      | Killed a deep elf pyromancer
 14924 | D:10     | Reached XP level 11. HP: 62/78 MP: 17/20
 15092 | D:10     | Reached skill level 5 in Invocations
 15500 | D:10     | Reached skill level 10 in Fighting
 15639 | D:10     | Noticed Gastronok
 15639 | D:10     | Noticed an orc knight
 15650 | D:10     | Identified the +1 leather armour "Pakuij" {Will+}
 15702 | D:10     | Killed Gastronok
 16103 | D:10     | Killed an orc knight
 16104 | D:10     | Reached skill level 1 in Shields
 16460 | D:11     | Found a shimmering altar of Xom.
 16467 | D:11     | Noticed a two-headed ogre
 16468 | D:11     | Reached skill level 5 in Shields
 16470 | D:11     | Killed a two-headed ogre
 16471 | D:11     | Reached XP level 12. HP: 87/87 MP: 15/24
 16475 | D:11     | Noticed a tengu warrior
 16479 | D:11     | Killed a tengu warrior
 16674 | D:11     | Noticed Maurice
 16680 | D:11     | Killed Maurice
 16933 | D:11     | Killed Grum
 16944 | D:11     | Noticed a two-headed ogre
 16946 | D:11     | Reached skill level 5 in Dodging
 17068 | D:11     | Noticed Josephine
 17173 | D:11     | Noticed Erolcha
 17175 | D:11     | Reached ***** piety under Fedhas
 17183 | D:11     | Killed Erolcha
 17300 | D:11     | Reached skill level 5 in Evocations
 17403 | D:11     | Found a staircase to the Lair.
 17464 | Lair:1   | Entered Level 1 of the Lair of Beasts
 17630 | Lair:1   | Noticed a four-headed hydra
 17640 | Lair:1   | Killed a four-headed hydra
 17728 | Lair:1   | Found a glowing golden altar of the Shining One.
 18917 | Lair:2   | Reached XP level 13. HP: 81/92 MP: 12/25
 19223 | Lair:2   | Reached skill level 10 in Dodging
 19702 | Lair:2   | Found a staircase to the Shoals.
 19728 | Lair:2   | Found a staircase to the Snake Pit.
 20844 | Lair:3   | Identified a scroll of acquirement
 20845 | Lair:3   | Acquired the ring "Plog" {Ice Contam rPois Int+2 Slay+6}
 20867 | Lair:3   | Reached skill level 10 in Spellcasting
 21549 | Lair:4   | Found a runed translucent door.
 22077 | Lair:4   | Found a staircase to the Slime Pits.
 22709 | Lair:5   | Entered Level 5 of the Lair of Beasts
 22922 | Lair:5   | Reached XP level 14. HP: 81/99 MP: 28/28
 23219 | Lair:5   | Reached skill level 10 in Evocations
 23498 | Lair:5   | Reached ****** piety under Fedhas
 24041 | Lair:5   | Identified the +8 glaive of the Orcish Mines {heavy, *Rage
                  | rElec rF+ Will++}
 24836 | D:11     | Killed Josephine
 25341 | D:4      | Killed Dowan
 25792 | D:6      | Killed baljet's ghost
 25992 | D:4      | Killed Graknight's ghost
 26085 | D:5      | Killed night's ghost
 26086 | D:5      | Killed Pim's ghost
 26808 | D:12     | Found a staircase to the Orcish Mines.
 27640 | Orc:1    | Entered Level 1 of the Orcish Mines
 27664 | Orc:1    | Found a frozen archway.
 27670 | IceCv    | Entered an ice cave
 27781 | IceCv    | Found a transporter.
 27791 | IceCv    | Found a transporter.
 28041 | Orc:1    | You are sucked into a shaft and drop 1 floor!
 28041 | Orc:2    | Entered Level 2 of the Orcish Mines
 28041 | Orc:2    | Noticed an orc warlord
 28041 | Orc:2    | Found a burning altar of Makhleb.
 28056 | Orc:2    | Reached XP level 15. HP: 106/108 MP: 13/30
 28065 | Orc:2    | Killed an orc warlord
 28234 | Orc:2    | Found Qerpho's Armour Boutique.
 28264 | Orc:2    | Found a staircase to the Elven Halls.
 28949 | Orc:2    | Found a burning altar of Makhleb.
 29901 | Orc:2    | Reached skill level 6 in Ice Magic
 30298 | Orc:2    | Found Qeomaita's Assorted Antiques.
 30303 | Orc:2    | Found Geinn's Armour Boutique.
 30304 | Orc:2    | Found Furicw's Jewellery Boutique.
 30305 | Orc:2    | Found Vota's Weapon Shop.
 30308 | Orc:2    | Bought a ring of protection from fire for 325 gold pieces
 30308 | Orc:2    | Bought an amulet of regeneration for 390 gold pieces
 30308 | Orc:2    | Bought a +5 ring of evasion for 468 gold pieces
 30328 | Orc:2    | Bought a scroll labelled HESUIN BEEQE for 33 gold pieces
 30328 | Orc:2    | Bought a scroll of identify for 66 gold pieces
 31027 | D:13     | Found a runed translucent door.
 31028 | D:13     | Noticed Nico3ck's ghost (journeyman FoFi)
 31151 | D:13     | Reached skill level 7 in Ice Magic
 31664 | D:14     | Noticed Nessos
 31699 | D:14     | Found a hide-covered altar of Uskayaw.
 31756 | D:14     | Killed Nessos
 31890 | D:14     | Noticed Louise
 31904 | D:14     | Killed Louise
 31905 | D:14     | Reached skill level 8 in Ice Magic
 32178 | D:14     | Reached skill level 9 in Ice Magic
 32186 | D:14     | Learned a level 7 spell: Ozocubu's Refrigeration
 32375 | D:14     | Found a gate to the Vaults.
 32757 | D:14     | Noticed Lodul
 32766 | D:14     | Killed Lodul
 32949 | D:15     | Entered Level 15 of the Dungeon
 32960 | D:15     | Reached skill level 10 in Ice Magic
 33335 | D:15     | Reached XP level 16. HP: 114/114 MP: 6/32
 33693 | D:15     | Reached skill level 11 in Ice Magic
 33967 | D:15     | Found a staircase to the Depths.
 34133 | D:15     | Noticed Roxanne
 34476 | D:15     | Reached skill level 12 in Ice Magic
 35204 | Snake:1  | Entered Level 1 of the Snake Pit
 35513 | Snake:1  | Found a runed translucent gate.
 35513 | Snake:1  | Found a runed translucent gate.
 35745 | Snake:1  | Found a runed translucent gate.
 35827 | Snake:1  | Reached skill level 13 in Ice Magic
 36656 | Snake:2  | Noticed Mlioglotl
 36842 | Snake:2  | Noticed Azrael
 36845 | Snake:2  | Killed Azrael
 37112 | Snake:2  | Noticed Agnes
 38022 | Snake:3  | Reached skill level 14 in Ice Magic
 38147 | Snake:3  | Found Cugampeos's Self-Published Books.
 39257 | Snake:3  | Reached XP level 17. HP: 105/119 MP: 33/33
 39753 | Snake:4  | Entered Level 4 of the Snake Pit
 40046 | Snake:4  | Found Qomegrenk's Assorted Antiques.
 40054 | Snake:4  | Bought a scroll of blinking for 262 gold pieces
 40646 | Snake:4  | Identified the +3 morningstar of the Skies Above {vamp,
                  | Dex+2}
 40656 | Snake:4  | Identified the serpent talisman of Imperfection {rPois}
 40656 | Snake:4  | Noticed Aizul
 40663 | Snake:4  | Killed Aizul
 40664 | Snake:4  | Reached skill level 10 in Shields
 41453 | Snake:4  | Noticed Asterion
 41661 | Snake:4  | Killed Asterion
 42545 | Snake:4  | Reached skill level 15 in Ice Magic
 43227 | Snake:4  | Got a serpentine rune of Zot
 43381 | Shoals:1 | Entered Level 1 of the Shoals
 45849 | Shoals:1 | Reached XP level 18. HP: 126/126 MP: 34/34
 46628 | Shoals:2 | Found Diffurgha's Book Emporium.
 47835 | Shoals:3 | Noticed Polyphemus
 47846 | Shoals:3 | Killed Polyphemus
 49155 | Shoals:3 | Found Ziddunn's Antique Armour Shop.
 49933 | Shoals:4 | Entered Level 4 of the Shoals
 50242 | Shoals:4 | Reached skill level 16 in Ice Magic
 52117 | Shoals:4 | Got a barnacled rune of Zot
 53043 | Desolati | Identified the of Cuzaociush
 53043 | Desolati | Identified the "Usecriatz"
 53043 | Desolati | Identified the "Capnum"
 53043 | Vaults:5 | Identified the "Fezeo"
 53043 | Crypt:3  | Identified the of Ocva
 53043 | Crypt:3  | Identified the "Polemuz"
 53043 | Crypt:3  | Identified the of Askusot
 53043 | Depths:2 | Identified the "Hun Fuos"
 53043 | Elf:1    | Identified the of Ruepn
 53043 | Elf:1    | Entered Level 1 of the Elven Halls
 53078 | Elf:1    | Noticed Kirke
 53082 | Elf:1    | Killed Kirke
 53083 | Elf:1    | Reached XP level 19. HP: 135/135 MP: 25/35
 53699 | Elf:1    | Reached skill level 1 in Shapeshifting
 54030 | Elf:1    | Learned a level 4 spell: Fulminant Prism
 54329 | Elf:1    | Noticed Frances
 54340 | Elf:1    | Reached skill level 1 in Hexes
 54442 | Elf:1    | Killed Frances
 54941 | Elf:2    | Identified the "Xevias"
 55194 | Vaults:1 | Entered Level 1 of the Vaults
 56240 | Vaults:1 | Reached skill level 5 in Shapeshifting
 56337 | Vaults:1 | Learned a level 6 spell: Simulacrum
 56507 | Vaults:1 | Reached skill level 1 in Necromancy
 58292 | D:15     | Killed Roxanne
 58548 | Elf:2    | Reached skill level 5 in Necromancy
 59287 | Elf:2    | Found a runed translucent gate.
 59288 | Elf:2    | Found a runed translucent gate.
 59288 | Elf:2    | Found a runed translucent gate.
 59705 | Elf:3    | Identified the "Usaes"
 59705 | Elf:3    | Identified the of Isobrud
 59705 | Elf:3    | Entered Level 3 of the Elven Halls
 59784 | Elf:3    | Reached XP level 20. HP: 135/143 MP: 13/36
 60981 | Elf:3    | Found the +3 pair of seven-league boots {Rampage+∞}
 61614 | Elf:3    | Reached skill level 10 in Shapeshifting
 61896 | Elf:3    | Identified the +0 orcbow of Non Obstante Veredicto
                  | {antimagic, Str+3 Int+2}
 61901 | Elf:3    | Identified the +1 steam dragon scales "Moeghoq" {rCorr
                  | Int+4}
 61940 | Elf:3    | Learned a level 5 spell: Irradiate
 61948 | Elf:3    | Identified the +0 pair of boots "Duokio" {rF+ Regen+ Int+3}
 61961 | Elf:3    | Identified the ring "Ampett" {rF+ Will+}
 62055 | Elf:3    | Identified the +8 war axe of Quehuc {heavy, rN+ Dex+3
                  | Stlth-}
 62062 | Elf:3    | Identified the staff "Cuur" {rElec rF+ Fire}
 62068 | Elf:3    | Identified the +5 bardiche "Poavaub" {heavy, MP+9 Str+5
                  | Dex+2}
 62089 | Elf:3    | Reached skill level 1 in Transmutations
 64451 | Vaults:1 | Glimpsed the power of Zot.
 64653 | Vaults:2 | Reached skill level 5 in Transmutations
 64683 | Vaults:2 | Noticed Norris
 64714 | Vaults:2 | Killed Norris
 64752 | Vaults:2 | Found a crumbling gateway.
 64791 | Desolati | Entered the Desolation of Salt
 65544 | Desolati | Reached XP level 21. HP: 148/148 MP: 18/37
 65654 | Desolati | Identified the ring "Efofogog" {Wiz Drain rC+ rN+ MP+9}
 65671 | Desolati | Identified the ring "Gagafatz" {Will+ rCorr Str-2 Int+3}
 67027 | Desolati | Identified the +3 spear of Spontaneous Combustion {vamp,
                  | rN++ Dex+3}
 67328 | Desolati | Identified the +11 dagger "Tojamaw" {holy, rElec}
 67520 | Desolati | Identified the +7 hand axe of Prudence {freeze, Str+5}
 67520 | Desolati | Identified the +1 robe of the Tsukumogami {Int+4 Dex+2}
 67550 | Desolati | Identified the +2 dagger of Descent {antimagic, rF- rN+
                  | Int+7 Dex-2}
 67550 | Desolati | Identified the +0 chain mail of Inviolability {+Blink
                  | Dex+2}
 67939 | Desolati | Identified the +7 hand axe "ETAOIN SHRDLU" {protect, rElec
                  | Str+4}
 68071 | Desolati | Identified the +7 spear "Gakkifad" {protect, rElec}
 68072 | Desolati | Identified the +8 dagger of the Magi {spect, *Rage rElec
                  | Int+5}
 68776 | Vaults:2 | Noticed Bai Suzhen
 68936 | Vaults:2 | Reached skill level 15 in Shapeshifting
 69250 | Orc:2    | Bought the +9 scimitar "Tamelun" {speed, MP+9 Str+5 Int+3}
                  | for 1395 gold pieces
 70040 | Vaults:2 | Reached skill level 1 in Long Blades
 70053 | Vaults:2 | Killed Bai Suzhen
 70761 | Vaults:3 | Found a staircase to the Crypt.
 71597 | Vaults:3 | Reached skill level 5 in Long Blades
 71920 | Vaults:3 | Reached XP level 22. HP: 154/154 MP: 38/38
 72144 | Vaults:3 | Found Risiol's General Store.
 72151 | Vaults:3 | Bought a scroll of fear for 60 gold pieces
 72151 | Vaults:3 | Bought a scroll of fear for 60 gold pieces
 72187 | Vaults:3 | Identified the +1 robe of Leunogg {Int+3}
 72764 | Vaults:3 | Identified the -2 hat of the True Pharaoh {-Tele rC+ Will+
                  | SInv}
 72772 | Vaults:3 | Found a radiant altar of Vehumet.
 72850 | Vaults:4 | Found Qebijem's Antique Weapon Shoppe.
 73091 | Vaults:4 | Found a flickering gateway to a bazaar.
 73097 | Bazaar   | Entered a bazaar
 73113 | Bazaar   | Found Arrasaa's General Store.
 73114 | Bazaar   | Found Otrimmas's Magic Scroll Shoppe.
 73123 | Bazaar   | Bought a scroll of blinking for 90 gold pieces
 73157 | Bazaar   | Found Iver's Distillery.
 73157 | Bazaar   | Found Gaet's Armour Emporium.
 73198 | Bazaar   | Bought 3 scrolls of revelation for 270 gold pieces
 73218 | Bazaar   | Bought a potion of curing for 51 gold pieces
 73218 | Bazaar   | Bought a potion of heal wounds for 85 gold pieces
 73218 | Bazaar   | Bought a potion of heal wounds for 85 gold pieces
 73218 | Bazaar   | Bought a potion of magic for 136 gold pieces
 73237 | Bazaar   | Bought a scroll of fear for 48 gold pieces
 73249 | Bazaar   | Bought a scroll of fog for 48 gold pieces
 74583 | Crypt:1  | Entered Level 1 of the Crypt
 74665 | Crypt:1  | Reached skill level 10 in Long Blades
 74685 | Crypt:1  | Noticed Khufu
 74693 | Crypt:1  | Killed Khufu
 74705 | Crypt:1  | Noticed a royal mummy
 74900 | Crypt:1  | You fall into a shaft and drop 1 floor!
 74985 | Crypt:2  | Found a transporter.
 75004 | Crypt:2  | Reached skill level 17 in Ice Magic
 75423 | Crypt:1  | Killed a royal mummy
 75726 | Crypt:1  | Identified the +8 war axe "Qoiguos" {spect, Fly rN+ Int-5
                  | Dex+3}
 76084 | Crypt:2  | Reached XP level 23. HP: 160/160 MP: 39/39
 76269 | Crypt:2  | Reached skill level 18 in Ice Magic
 76340 | Crypt:2  | Found a transporter.
 76554 | Crypt:3  | Entered Level 3 of the Crypt
 76590 | Crypt:3  | Learned a level 9 spell: Polar Vortex
 76721 | Crypt:3  | Found an ancient bone altar of Kikubaaqudgha.
 77346 | Crypt:3  | Found a staircase to the Tomb.
 77346 | Crypt:3  | Noticed Jory
 77606 | Depths:1 | Entered Level 1 of the Depths
 77613 | Depths:1 | Found a one-way gate to the infinite horrors of the Abyss.
 77626 | Depths:1 | Reached skill level 19 in Ice Magic
 77665 | Depths:1 | Noticed the Enchantress
 77791 | Depths:1 | Found a sacrificial altar of Ru.
 78146 | Depths:1 | Reached skill level 20 in Ice Magic
 78146 | Depths:1 | Found a stormy altar of Qazlal.
 78500 | Depths:1 | Found a gateway to Hell.
 78897 | Depths:1 | Found a one-way gateway to a ziggurat.
 79017 | Depths:1 | Identified the +9 rapier of Gluttony {vamp, rPois Str+3}
 79375 | Depths:2 | Noticed a juggernaut
 79379 | Depths:2 | Reached XP level 24. HP: 166/166 MP: 27/39
 79388 | Depths:2 | Killed a juggernaut
 79396 | Depths:2 | Noticed a juggernaut
 79402 | Depths:2 | Killed a juggernaut
 80017 | Depths:2 | Reached skill level 21 in Ice Magic
 80730 | Depths:2 | Identified the amulet "Jytrer" {Spirit Harm Fragile rPois
                  | Dex+4}
 81453 | Depths:3 | Noticed Boris
 81472 | Depths:3 | Killed Boris
 81698 | Depths:3 | Reached skill level 22 in Ice Magic
 81709 | Depths:3 | Reached XP level 25. HP: 171/171 MP: 41/41
 81980 | Depths:3 | Identified the +2 sling of Misery {freeze, rF+}
 82059 | Depths:3 | Identified the +1 sling of Wauts {heavy, rN+}
 82176 | Depths:4 | Entered Level 4 of the Depths
 82176 | Depths:4 | Found Saocrua's Book Emporium.
 82201 | Depths:4 | Noticed Vv
 82326 | Depths:4 | Reached XP level 26. HP: 180/180 MP: 32/41
 82342 | Depths:4 | Killed Vv
 82609 | Depths:4 | Identified the +5 short sword of Moderation {venom, Str+7}
 82713 | Depths:4 | Found a gate to the Realm of Zot.
 82721 | Depths:4 | Reached skill level 15 in Fighting
 83473 | Slime:1  | Entered Level 1 of the Pits of Slime
 83491 | Slime:2  | Reached skill level 15 in Dodging
 83872 | Slime:3  | Reached skill level 15 in Spellcasting
 83903 | Slime:3  | Lost mutation: Your mind is acute. (Int +4, Str/Dex -1) [a
                  | shining eye]
 83916 | Slime:3  | Gained mutation: Your body sometimes deteriorates upon
                  | taking damage. [a shining eye]
 84038 | Slime:4  | Reached skill level 23 in Ice Magic
 84102 | Slime:5  | Identified the "Yritop"
 84102 | Slime:5  | Entered Level 5 of the Pits of Slime
 84468 | Slime:5  | Noticed the Royal Jelly
 84475 | Slime:5  | Killed the Royal Jelly
 84752 | Slime:5  | Found the +16 obsidian axe {drain, demonic, Mesm Drain Fly
                  | SInv}
 84981 | Slime:5  | Found the +8 pair of quick blades "Gyre" and "Gimble"
                  | {protect}
 84997 | Slime:5  | Identified the staff of Kusmop Xeamu {rElec rF+ MP+9 Str-3
                  | Stlth- Fire}
 85024 | Slime:5  | Found the +5 scythe "Finisher" {speed, execute}
 85037 | Slime:5  | Identified the +11 quarterstaff of Rityis {freeze, *Corrode
                  | +Blink Int+2}
 85039 | Slime:5  | Identified the ring of Agyheg {rC- rN+ rCorr Str+3}
 85046 | Slime:5  | Got a slimy rune of Zot
 85047 | Slime:5  | Identified the amulet of the Last Nightingales {Faith
                  | +Blink rN+ Dex-4}
 85878 | Vaults:5 | Entered Level 5 of the Vaults
 86005 | Vaults:5 | Reached XP level 27. HP: 188/188 MP: 14/43
 86419 | Elf:3    | Identified the +0 leather armour of Dyedof {SInv}
 86914 | Vaults:5 | Noticed a dread lich
 86924 | Vaults:4 | Killed a dread lich
 86925 | Vaults:4 | Reached skill level 15 in Shields
 87344 | Vaults:5 | Identified the ring "Liclupt" {AC+4 Int+4}
 87357 | Vaults:5 | Identified the ring of Pyozead {*Slow rElec rN++ MP+9}
 87454 | Vaults:5 | Identified the +6 arbalest of Makhleb {freeze, Will- Int+7
                  | Dex+6}
 87829 | Vaults:5 | Identified the +1 tower shield "Reiton" {-Tele Drain rN+++
                  | SInv}
 87921 | Vaults:5 | Identified the ring "Enure" {rF+ Will+ rCorr Dex+3}
 88380 | Vaults:5 | Identified the ring of Adosode {rPois Str+6 Int-3 Dex+6}
 88665 | Vaults:5 | Got a silver rune of Zot
 88666 | Vaults:5 | Identified the +7 sling of Amuhuen {flame, Contam +Blink
                  | rElec rC++}
 89217 | Crypt:3  | Identified the ring "Juto" {rN+ Str+4}
 89217 | Crypt:3  | Identified the ring of Uzaiteil {rF++ rN+ Will- Dex+4}
 89217 | Crypt:3  | Identified the ring "Rulekuna" {rElec rN+ Will+ Int+2
                  | Dex-5}
 89252 | Crypt:3  | Killed Jory
 89971 | Zot:1    | Entered Level 1 of the Realm of Zot
 90307 | Zot:3    | Noticed an orb of fire
 90319 | Zot:3    | Killed an orb of fire
 90858 | Zot:5    | Entered Level 5 of the Realm of Zot
 91558 | Zot:5    | Noticed a dread lich
 91565 | Zot:5    | Killed a dread lich
 91637 | Zot:5    | Noticed a dread lich
 91647 | Zot:5    | Killed a dread lich
 91728 | Zot:5    | Noticed an orb of fire
 91732 | Zot:5    | Killed an orb of fire
 92077 | Zot:5    | Noticed an orb of fire
 92079 | Zot:5    | Gained mutation: You occasionally lose the ability to read
                  | scrolls when taking damage. [an orb of fire]
 92090 | Zot:5    | Killed an orb of fire
 92282 | Zot:5    | Lost mutation: You occasionally lose the ability to read
                  | scrolls when taking damage. [potion of mutation]
 92282 | Zot:5    | Lost mutation: Your body sometimes deteriorates upon taking
                  | damage. [potion of mutation]
 92282 | Zot:5    | Gained mutation: You are clumsy. (Dex -2) [potion of
                  | mutation]
 92282 | Zot:5    | Lost mutation: You are clumsy. (Dex -2) [potion of
                  | mutation]
 92336 | Zot:5    | Noticed an orb of fire
 92342 | Zot:5    | Killed an orb of fire
 92892 | Depths:4 | Voluntarily entered the Abyss.
 92892 | Abyss:1  | Found a corrupted altar of Lugonu.
 92911 | Abyss:1  | Gained mutation: Your spells are a little harder to cast,
                  | but a little more powerful. [a cacodemon]
 93196 | Abyss:1  | Noticed a dread lich
 93338 | Depths:4 | Escaped the Abyss
 93340 | Depths:4 | Voluntarily entered the Abyss.
 93411 | Abyss:1  | Killed a dread lich
 93424 | Abyss:1  | Found a corrupted altar of Lugonu.
 93428 | Depths:4 | Escaped the Abyss
 93534 | Abyss:5  | Cast into level 5 of the Abyss (unwielding a weapon of
                  | distortion)
 93598 | Abyss:5  | Got an abyssal rune of Zot
 93612 | Depths:2 | Escaped the Abyss
 93960 | Zot:5    | Got the Orb of Zot
 94623 | D:$      | Escaped with the Orb!

Illustrated notes

Levels and vault maps discovered:
D:1:      spicycebolla_green_bress_n_ham, layout_loops_corners,
          basic_ecumenical_altar, minmay_misc_feat_roman
D:2:      layout_loops_ring, nicolae_the_louvre
D:3:      layout_basic, serial_shops, nicolae_square_shop, uniq_terence,
          uniq_ijyb
D:4:      layout_loops_ring, serial_bayou, serial_bayou_crossing,
          serial_bayou_pond_a, serial_bayou_ford_a, serial_bayou_pond_b,
          serial_bayou_pond_b, serial_bayou_lagoon_a, minmay_distorted,
          uniq_duvessa
D:5:      layout_rooms, gammafunk_ghost_cemetery
D:6:      layout_basic, mainiacjoe_overflow_paths, ebering_ghost_sewer_f
D:7:      layout_loops_ring, minmay_temple_entry_offerings
D:8:      nicolae_cairo_tiling_large, layout_basic,
          gammafunk_temple_overflow_statue
D:9:      layout_long_grid, mainiacjoe_overflow_catwalk,
          serial_library_regret_index_split_case
D:10:     layout_rooms, serial_undead, serial_undead_c, serial_undead_e,
          serial_undead_a, serial_undead_e, grunt_ministairs_14,
          minmay_checkerbox, uniq_gastronok
D:11:     layout_basic, lair_entry_dummy, grunt_ministairs_1, abandoned_shop,
          xom_confusion_cloud, uniq_grum, uniq_josephine, uniq_erolcha,
          uniq_maurice
D:12:     layout_loops_ring, david_orc_4
D:13:     layout_roguey, hellmonk_ghost_big_iron, kennysheep_small_square
D:14:     layout_roguey, skrybe_vaults_entry_preservation,
          hangedman_decor_lopped, dancing_weapons_uskayaw, uniq_louise,
          uniq_lodul, uniq_nessos
D:15:     grunt_enter_depths_giant_problem, layout_loops_ring,
          nrook_mini_vaults, serial_demonic, serial_demonic_e, serial_demonic_d,
          serial_demonic_b, serial_demonic_a, serial_demonic_d,
          serial_demonic_a, minivault_23, uniq_roxanne
Lair:1:   layout_cave_shapes, basic_altar, serial_bayou_shore_b,
          serial_bayou_shore_b
Lair:2:   layout_big_grid, mainiacjoe_shoals_entry_four_pools,
          guppyfry_snake_entry_garden, chequers_serial_rivers_room_b,
          minivault_26, chequers_serial_rivers_large_b, wad_woods_river_04,
          serial_bayou_shore_b
Lair:3:   layout_cave_pods, grunt_megastairs_2
Lair:4:   gammafunk_mikee_crab_dinner, layout_cave_pods,
          minmay_slime_entry_pillars, infiniplex_staircase_pool_2
Lair:5:   minmay_lair_end_frog_pond, layout_long_grid, st_stairs_3,
          lemuel_fruit_tree
Shoals:1: layout_shoals, st_sunken_huts
Shoals:2: layout_shoals, serial_shops, nicolae_stop_n_shop_2
Shoals:3: layout_shoals, serial_shops, nicolae_shop_behind_doors,
          st_shoals_ruin, uniq_polyphemus
Shoals:4: shoals_end_hangedman, layout_shoals,
          nicolae_shoals_kraken_intersection
Snake:1:  layout_cave_shapes, nicolae_snake_horde_hoard
Snake:2:  layout_misc_corridors, uniq_mlioglotl, uniq_azrael, uniq_agnes
Snake:3:  layout_honeycomb, nicolae_custom_books, serial_bayou_pond_e
Snake:4:  grunt_snake_rune_pools, layout_basic, serial_shops, shop, uniq_aizul,
          uniq_asterion
Slime:1:  layout_caves
Slime:2:  layout_caves, cheibrodos_slime_lost_civilization_5
Slime:3:  nicolae_slime_pool, layout_caves
Slime:4:  layout_caves, basic_altar
Slime:5:  slime_pit_nicolae_trefoil
Orc:1:    layout_caves, portal_ice_cave_entry_pillars_1
Orc:2:    st_orc_pillars, layout_caves, basic_altar, serial_shops,
          nicolae_shop_pleasant_corner_grove, bloody_makhleb
Elf:1:    layout_loops_corners, minmay_elf_crystal_heptagon, st_stairs_7,
          uniq_kirke, uniq_frances
Elf:2:    nicolae_elf_blades_crystal_corner, layout_geoelf_octagon,
          minmay_elf_demonology, uniq_jorgrun
Elf:3:    minmay_elf_hall_dome, layout_geoelf_octagon
Vaults:1: grunt_vaults_trifunnel, nicolae_vaults_minivaults,
          ontoclasm_vaults_loading_screen, nicolae_vaults_trapezoid_3,
          v_misc_31, vaults_mumra_minichess_inversion,
          nicolae_vaults_closet_pinwheel_1, nicolae_vaults_closet_pinwheel_3,
          ontoclasm_vaults_fault, nicolae_vaults_apartment_1,
          layout_vaults_chaotic_city
Vaults:2: portal_desolation_entry_nicolae_nacl,
          nicolae_vaults_shrinking_rooms_1, nicolae_vaults_little_squares_4,
          grunt_vaults_hallway_long, nicolae_vaults_shelves_hall,
          nicolae_vaults_diamond_1, dpeg_vaults_monster_box,
          nicolae_vaults_variable_pillar_hall, nicolae_vaults_three_branches,
          nicolae_vaults_what_the_h, nicolae_vaults_theta,
          nicolae_vaults_closet_pinwheel_4, nicolae_vaults_specimen_jars,
          layout_vaults_omnicross, uniq_bai_suzhen, uniq_norris
Vaults:3: hangedman_vaults_pinch, hangedman_vaults_trim, v_alt_pattern_3,
          nicolae_vaults_sesquioval_fish, grunt_tower_of_power,
          nicolae_vaults_little_squares_3, nicolae_vaults_closet_pinwheel_1,
          vaults_room_octagon, minmay_crypt_entry_simple_corners,
          nicolae_vaults_network_s, v_misc_24, nicolae_vaults_hallways_thing,
          grunt_vaults_hallway_short, nicolae_vaults_trapezoid_2,
          ontoclasm_vaults_twist, layout_vaults_maze_bifur, serial_shops, shop
Vaults:4: v_misc_19, v_pattern_5, nicolae_vaults_gold_heap,
          ontoclasm_vaults_eye, nicolae_vaults_asterisk,
          nicolae_vaults_alarming, v_misc_16, st_lattice, hangedman_vaults_trim,
          nicolae_vaults_heart-shaped_vault, layout_vaults_omnigrid,
          serial_shops, bzr_entry_safe, shop
Vaults:5
Crypt:1:  layout_basic, uniq_khufu
Crypt:2:  gammafunk_its_a_trap, layout_basic, st_stairs_11, grunt_megastairs_3
Crypt:3:  grunt_crypt_end_deaths_head
Depths:1: minmay_the_grid_3x2 [minmay_the_grid_outer_diamond,
          minmay_the_grid_zigzag_pyramid, minmay_the_grid_minigrid_medium,
          minmay_the_grid_tiny_cups, minmay_the_grid_spin_star,
          minmay_the_grid_prize_inner_circle], layout_honeycomb,
          enter_ziggurat_e, hell_entry, grunt_qazlal_clouds, abyss_entry,
          small_chamber_with_monster, hangedman_ru_absence, uniq_enchantress
Depths:2: kennysheep_large_vault, layout_long_grid, grunt_pan_entry_sceptre,
          minmay_holes, hell_entry, minivault_16, kennysheep_generic_room_9,
          infiniplex_staircase_pillars_1, uniq_grunn
Depths:3: kennysheep_four_of_diamonds, layout_cave_pools, hell_entry,
          abyss_entry, uniq_boris
Depths:4: evilmike_zot_entry_round, layout_cave_pools, minmay_room_of_horrors,
          pf_hell_entry_tar_spiral, serial_shops, shop, uniq_vv
Zot:1:    layout_basic, regret_index_zotdec_slimy_original,
          st_single_dragon_hoard_3, lemuel_baited_zot_trap, zot_minivault_4
Zot:2:    layout_cathedral_of_symmetry, regret_index_zotdec_under_construction
Zot:3:    grunt_zot_stairs_faceoff, layout_gridlike, gammafunk_ghost_split
Zot:4:    layout_concentric_octagons, regret_index_zotdec_gossamer_parallel,
          gammafunk_ghost_necromancy
Zot:5:    layout_twisted_circle

Skill      XL: |  1  2  3  4  5  6  7  8  9 10 11 12 13 14 15 16 17 18 19 20 21 22 23 24 25 26 27 |
---------------+----------------------------------------------------------------------------------+-----
Stealth        | 3 4 5 |  5.0
Fighting       | 1 2 3 4 5 6 8 10 12 13 14 15 20 | 20.8
Translocations | 1 3 5 |  5.0
Evocations     | 2 3 4 6 9 10 | 10.0
Spellcasting   | 3 4 5 6 8 10 11 12 14 16 | 16.0
Invocations    | 1 4 5 6 8 |  8.0
Conjurations   | 5 7 |  7.0
Ice Magic      | 4 5 10 14 15 16 17 20 22 23 | 23.0
Air Magic      | 4 5 |  5.0
Shields        | 5 6 9 12 13 14 15 | 15.0
Dodging        | 9 10 11 12 13 14 15 20 | 20.7
Shapeshifting  | 7 12 15 16 17 | 17.7
Hexes          | 4 |  4.0
Necromancy     | 6 |  6.0
Transmutations | 6 |  6.0
Long Blades    | 5 10 12 14 | 14.0

Action                     |  1- 3 |  4- 6 |  7- 9 | 10-12 | 13-15 | 16-18 | 19-21 | 22-24 | 25-27 || total
---------------------------+-------+-------+-------+-------+-------+-------+-------+-------+-------++-------
  Melee: Constrict         |     4 |       |       |       |     1 |       |    27 |   116 |    59 ||   207
         Tentacles         |     2 |       |       |       |     1 |       |    63 |   315 |   167 ||   548
         Unarmed           |     1 |       |       |       |       |       |    10 |       |       ||    11
         Dagger            |     8 |       |       |       |       |       |       |       |       ||     8
         Punch             |     1 |       |       |       |       |       |     8 |    17 |    10 ||    36
         Spear             |       |    12 |     4 |       |       |       |       |       |       ||    16
         Glaive            |       |       |       |       |    11 |       |       |       |       ||    11
         Staff             |       |       |       |       |       |       |    75 |       |       ||    75
         Scimitar          |       |       |       |       |       |       |    56 |   811 |   393 ||  1260
   Fire: Greatsling        |       |       |   117 |   230 |   407 |    20 |    13 |       |       ||   787
  Throw: Dart              |       |       |       |     3 |     1 |       |       |       |       ||     4
         Throwing net      |       |       |       |       |     1 |       |     1 |       |       ||     2
   Cast: Magic Dart        |    71 |    91 |    16 |       |       |       |       |       |       ||   178
         Momentum Strike   |     3 |     1 |     2 |       |       |       |       |       |       ||     6
         Searing Ray       |     1 |     2 |    27 |    22 |     8 |       |       |       |       ||    60
         Blink             |       |       |     3 |     1 |     3 |       |     6 |     1 |       ||    14
         Freezing Cloud    |       |       |     1 |    60 |   266 |     2 |     4 |       |       ||   333
         Iskenderun's Myst |       |       |       |    16 |   110 |     9 |     9 |       |       ||   144
         Ozocubu's Refrige |       |       |       |       |     9 |   544 |   426 |   150 |   198 ||  1327
         Simulacrum        |       |       |       |       |       |       |    81 |    62 |    25 ||   168
         Fulminant Prism   |       |       |       |       |       |       |     5 |       |       ||     5
         Irradiate         |       |       |       |       |       |       |    35 |    55 |    19 ||   109
         Polar Vortex      |       |       |       |       |       |       |       |     3 |   162 ||   165
 Invoke: Wall of Briars    |       |       |     8 |    11 |     8 |       |     8 |     1 |       ||    36
         Overgrow          |       |       |       |     1 |     7 |     3 |    14 |     7 |     1 ||    33
  Evoke: Wand              |       |     2 |     4 |    22 |    21 |     5 |    32 |     1 |     7 ||    94
         Lightning rod     |       |       |       |     8 |    16 |     3 |     8 |       |     4 ||    39
         Condenser vane    |       |       |       |       |     1 |     1 |     4 |     2 |     2 ||    10
         Box of beasts     |       |       |       |       |       |       |     5 |       |       ||     5
    Use: Potion            |     1 |       |     1 |     2 |     5 |       |     6 |     2 |    11 ||    28
         Scroll            |       |       |     5 |    14 |    13 |     7 |    14 |    12 |    21 ||    86
   Stab: Sleeping          |     2 |       |       |       |     1 |       |       |    11 |     1 ||    15
         Distracted        |     1 |       |       |       |       |       |     3 |     6 |     4 ||    14
         Paralysed         |       |       |       |       |       |       |     1 |       |       ||     1
         Confused          |       |       |       |       |       |       |     1 |       |       ||     1
 Armour: Skin              |     6 |     4 |    24 |    68 |   106 |    41 |   239 |   610 |   419 ||  1517
  Dodge: Dodged            |     5 |     3 |    22 |    34 |   143 |    35 |   311 |   740 |   459 ||  1752
  Block: Other             |     1 |     2 |    11 |    21 |    25 |       |       |       |       ||    60
         Reflection        |       |       |     1 |     4 |     1 |       |       |       |       ||     6
         Kite shield       |       |       |       |       |       |    11 |   228 |   758 |   365 ||  1362
   Form: Statue            |       |       |       |       |       |       |     1 |       |       ||     1

Table legend: (Time is in decaauts)
 A = Elapsed time spent in this place.
 B = Non-inter-level travel time spent in this place.
 C = Inter-level travel time spent in this place.
 D = Time resting spent in this place.
 E = Time spent auto-exploring this place.
 F = Levels seen in this place.
 G = Mean time per level.
                   A        B        C        D        E       F      G
               +--------+--------+--------+--------+--------+-----+--------+
         Total | 108373 |  96541 |  11832 |  12275 |  66542 |  61 | 1776.6 |
       Dungeon |  27057 |  23004 |   4053 |   6367 |  10949 |  15 | 1803.8 |
          Lair |   8694 |   7568 |   1126 |    617 |   5991 |   5 | 1738.8 |
        Shoals |   9083 |   8747 |    336 |    239 |   7892 |   4 | 2270.8 |
     Snake Pit |   8016 |   7166 |    850 |    677 |   5919 |   4 | 2004.0 |
    Slime Pits |   3063 |   2822 |    241 |    931 |   1419 |   5 |  612.6 |
  Orcish Mines |   3219 |   2757 |    462 |    184 |   1972 |   2 | 1609.5 |
   Elven Halls |   6244 |   5639 |    605 |    603 |   4323 |   3 | 2081.3 |
        Vaults |  18388 |  17059 |   1329 |    899 |  13374 |   5 | 3677.6 |
         Crypt |   5302 |   4731 |    571 |     38 |   3345 |   3 | 1767.3 |
        Depths |   9121 |   7974 |   1147 |    225 |   6261 |   4 | 2280.2 |
           Zot |   4847 |   3741 |   1106 |    467 |   2401 |   5 |  969.4 |
         Abyss |    885 |    885 |      0 |      0 |    497 |   3 |  295.0 |
        Bazaar |    244 |    244 |      0 |      0 |    117 |   1 |  244.0 |
      Ice Cave |    312 |    312 |      0 |    195 |      5 |   1 |  312.0 |
    Desolation |   3892 |   3892 |      0 |    830 |   2074 |   1 | 3892.0 |
               +--------+--------+--------+--------+--------+-----+--------+

Top non-repeatable levels by time:
Vaults:1: 5818 daAuts
     D:4: 3985 daAuts
Desolation: 3892 daAuts
Vaults:3: 3620 daAuts
Depths:2: 3595 daAuts
Vaults:4: 3490 daAuts
 Snake:4: 3421 daAuts
Vaults:2: 2794 daAuts
   Elf:3: 2783 daAuts
   Zot:5: 2769 daAuts
Shoals:4: 2703 daAuts
Vaults:5: 2663 daAuts
     D:9: 2634 daAuts
   Orc:2: 2471 daAuts
Shoals:1: 2339 daAuts
